 Dungeon Crawl Stone Soup version 0.28.0-45-g0d030f2227 (webtiles) character file.

Game seed: 14376933722683249431

195 croobank the Firebug (level 5, -8/37 HPs)
             Began as a Gnoll Fire Elementalist on Apr 24, 2022.
             Mangled by an iguana (10 damage)
             ... on level 4 of the Dungeon.
             The game lasted 00:11:12 (3769 turns).

croobank the Firebug (Gnoll Fire Elementalist)      Turns: 3769, Time: 00:11:20

Health: -8/37      AC:  1    Str:  8    XL:     5   Next: 74%
Magic:  6/12       EV: 14    Int: 18    God:
Gold:   250        SH:  0    Dex: 15    Spells: 7/14 levels left

rFire   . . .      SeeInvis .   q - +8 war axe of Income {drain, rElec rPois Will+ Dex-3}
rCold   . . .      Faith    .   (no shield)
rNeg    . . .      Spirit   .   a - +0 robe
rPois   +          Reflect  .   (no helmet)
rElec   +          Harm     .   (no cloak)
rCorr   .          Rampage  .   (no gloves)
Will    +....                   (no boots)
Stlth   +++.......              (no amulet)
HPRegen 0.12/turn               r - +4 ring of slaying
MPRegen 0.13/turn               p - +6 ring of dexterity

@: lethally poisoned (-8 -> -14)
A: fangs 1, strong nose, distributed training, clever 1, deformed body
a: no special abilities


You were on level 4 of the Dungeon.
You visited 1 branch of the dungeon, and saw 4 of its levels.

You collected 250 gold pieces.

Inventory:

Hand Weapons
 f - a +1 vampiric short sword
 n - a +1 dagger of speed
 q - the +8 war axe of Income (weapon) {drain, rElec rPois Will+ Dex-3}
   (You found it on level 3 of the Dungeon)

   A truly terrible weapon, it drains the life of any living foe it strikes.
   Dex:       It affects your dexterity (-3).
   rElec:     It insulates you from electricity.
   rPois:     It protects you from poison.
   Will:      It increases your willpower.
Missiles
 h - 32 bolts
 l - 72 stones
 m - 17 arrows
 o - 28 sling bullets
Armour
 a - a +0 robe (worn)
 g - a +2 ring mail of cold resistance
Jewellery
 b - a ring of positive energy
 p - a +6 ring of dexterity (right hand)
 r - a +4 ring of slaying (left hand)
Scrolls
 j - a scroll of immolation {unknown}
 s - a scroll of vulnerability {unknown}
Potions
 c - a potion of magic
 d - a potion of lignification {unknown}
 e - a potion of degeneration {unknown}
 i - a potion of mutation
 k - a potion of heal wounds {unknown}


   Skills:
 + Level 1.6 Fighting
 + Level 1.6 Short Blades
 + Level 1.6 Long Blades
 + Level 1.6 Axes
 + Level 1.6 Maces & Flails
 + Level 1.6 Polearms
 + Level 1.6 Staves
 + Level 1.6 Slings
 + Level 1.6 Bows
 + Level 1.6 Crossbows
 + Level 1.6 Throwing
 + Level 1.6 Armour
 + Level 4.8 Dodging
 + Level 4.4 Stealth
 + Level 1.6 Shields
 + Level 1.6 Unarmed Combat
 + Level 5.2 Spellcasting
 + Level 2.4 Conjurations
 + Level 1.3 Hexes
 + Level 1.3 Summonings
 + Level 1.3 Necromancy
 + Level 1.3 Translocations
 + Level 1.3 Transmutations
 + Level 5.6 Fire Magic
 + Level 1.3 Ice Magic
 + Level 1.3 Air Magic
 + Level 1.3 Earth Magic
 + Level 1.3 Poison Magic
 + Level 1.8 Invocations
 + Level 1.6 Evocations


You had 7 spell levels left.
You knew the following spells:

 Your Spells              Type           Power      Damage    Failure   Level
a - Foxfire               Conj/Fire      76%        2x1d7     2%          1
b - Scorch                Fire           48%        2d7       1%          2
c - Flame Wave            Conj/Fire      19%        2d6       24%         4

Your spell library contained the following spells:

 Spells                   Type           Power      Damage    Failure   Level
 Conjure Flame            Conj/Fire      19%        6-21      8%          3
 Inner Flame              Hex/Fire       17%        N/A       10%         3
 Summon Lightning Spire   Summ/Air       9%         N/A       58%         4
 Storm Form               Tmut/Air       4%         N/A       100%        7
 Maxwell's Capacitive Co  Air            4%         ∞         100%        8


Dungeon Overview and Level Annotations

Branches:
Dungeon (4/15)
 Temple: D:4-7

Altars:
Okawaru
Xom

Shops:
D:1 (   D:2 [


Innate Abilities, Weirdness & Mutations

You have very sharp teeth.
Your uncanny sense of smell can sniff out nearby items.
Your experience applies equally to all skills.
Your mind is acute. (Int +2)
Armour fits poorly on your strangely shaped body.


Message History

The kobold shouts!
You bite the orc, but do no damage.
The orc hits you with a +0 dagger of venom.
You hit the orc.
The orc is heavily wounded.
The orc hits you with a +0 dagger of venom.
An adder comes into view.
The kobold closely misses you.
The orc hits you with a +0 dagger of venom.
You are poisoned.
Casting: Foxfire (safe; 2% risk of failure)
Confirm with . or Enter, or press ? or * to list all spells.
The spell is extremely dangerous to miscast (28% risk of failure)!
Continue anyway?
Casting: Flame Wave (extremely dangerous; 28% risk of failure)
Press: ? - help, Dir - look around, f - activate A wave of flame ripples out!
The flame wave engulfs the orc.
The orc is severely wounded.
The flame wave engulfs the kobold.
You kill the kobold! (Press . to intensify the flame waves.)
You feel very sick.
You hear an angry hiss.
The orc closely misses you.
A wave of flame ripples out!
The flame wave engulfs the orc.
You kill the orc!
The flame wave engulfs the iguana.
The iguana is moderately wounded.
You feel very sick. The iguana bites you.
A wave of flame ripples out!
The flame wave engulfs the iguana.
The iguana is heavily wounded.
You finish channelling waves of flame.
You feel sick. The iguana bites you!
* * * LOW HITPOINT WARNING * * *
It was a potion of mutation.
You feel extremely strange.
Your body twists and deforms.
You feel clever.
* * * LOW HITPOINT WARNING * * *
You feel sick.
An adder comes into view.
The iguana bites you!
You die...

....#....#....#.._..#..
..............#.....#..
#............#.....#..
S##............###'###..
........................
...........#...#........
......#....#...#......##
..$..S#....#............
......l@####.....#......
......))#..).....#......
......(.#........#...#..
.....<...........#...##.
....###....†.........# .
.... #...............
... #............... ..
#...............
......)........


You could see an iguana and 2 adders.

Vanquished Creatures
  An orc wizard (D:3)
  Natasha (D:3)
  7 adders
  3 worms
  9 orcs
  3 ball pythons
  7 endoplasms
  2 giant cockroaches (D:1)
  6 goblins
  5 hobgoblins
  2 quokkas (D:2)
  5 bats
  3 frilled lizards
  4 kobolds
  9 rats
67 creatures vanquished.

Vanquished Creatures (others)
  97 foxfires
97 creatures vanquished.

Grand Total: 164 creatures vanquished

Notes
Turn   | Place    | Note
-------+----------+-------------------------------------------
     0 | D:1      | croobank the Gnoll Fire Elementalist began the quest for
                  | the Orb.
     0 | D:1      | Reached XP level 1. HP: 13/13 MP: 6/6
   460 | D:1      | Reached XP level 2. HP: 19/19 MP: 5/7
   463 | D:1      | Learned a level 2 spell: Scorch
   597 | D:1      | Found a faded altar of an unknown god.
   933 | D:1      | Found Quakimic's Weapon Shop.
   958 | D:1      | Reached XP level 3. HP: 25/25 MP: 0/9
  1081 | D:1      | Reached skill level 5 in Spellcasting
  1150 | D:1      | You fall into a shaft and drop 1 floor!
  1673 | D:2      | Found Asaisun's Armour Shop.
  1753 | D:2      | Reached skill level 1 in Invocations
  1953 | D:2      | Reached skill level 1 in Fighting
  1953 | D:2      | Reached skill level 1 in Short Blades
  1953 | D:2      | Reached skill level 1 in Long Blades
  1953 | D:2      | Reached skill level 1 in Axes
  1953 | D:2      | Reached skill level 1 in Maces & Flails
  1953 | D:2      | Reached skill level 1 in Polearms
  1953 | D:2      | Reached skill level 1 in Staves
  1953 | D:2      | Reached skill level 1 in Slings
  1953 | D:2      | Reached skill level 1 in Bows
  1953 | D:2      | Reached skill level 1 in Crossbows
  1953 | D:2      | Reached skill level 1 in Throwing
  1953 | D:2      | Reached skill level 1 in Armour
  1953 | D:2      | Reached skill level 1 in Shields
  1953 | D:2      | Reached skill level 1 in Unarmed Combat
  1953 | D:2      | Reached skill level 1 in Evocations
  1955 | D:2      | Reached XP level 4. HP: 32/32 MP: 6/11
  2606 | D:3      | Reached skill level 1 in Hexes
  2606 | D:3      | Reached skill level 1 in Summonings
  2606 | D:3      | Reached skill level 1 in Necromancy
  2606 | D:3      | Reached skill level 1 in Translocations
  2606 | D:3      | Reached skill level 1 in Transmutations
  2606 | D:3      | Reached skill level 1 in Ice Magic
  2606 | D:3      | Reached skill level 1 in Air Magic
  2606 | D:3      | Reached skill level 1 in Earth Magic
  2606 | D:3      | Reached skill level 1 in Poison Magic
  2615 | D:3      | Learned a level 4 spell: Flame Wave
  2942 | D:3      | Found a shimmering altar of Xom.
  2995 | D:3      | Identified the +8 war axe of Income {drain, rElec rPois
                  | Will+ Dex-3}
  3165 | D:3      | Reached XP level 5. HP: 37/37 MP: 8/12
  3446 | D:3      | Noticed Natasha
  3454 | D:3      | Killed Natasha
  3673 | D:4      | Found an iron altar of Okawaru.
  3769 | D:4      | Gained mutation: Armour fits poorly on your strangely
                  | shaped body. [potion of mutation]
  3769 | D:4      | Gained mutation: Your mind is acute. (Int +2) [potion of
                  | mutation]
  3769 | D:4      | Mangled by an iguana

Illustrated notes

Levels and vault maps discovered:
D:1:      matt_arrival_refuge, layout_rooms,
          ebering_ecumenical_altar_sacrificial, serial_shops,
          nicolae_shop_bloodbath_and_beyond
D:2:      layout_basic, serial_forest, infiniplex_forest_lined_corner,
          infiniplex_forest_corner_1, infiniplex_forest_clump_C,
          infiniplex_forest_join, infiniplex_forest_end_1,
          infiniplex_forest_lined_4_way, infiniplex_forest_lined_corner,
          serial_shops, nicolae_shop_stone
D:3:      layout_loops_cross, nicolae_overflow_crystal_walls, dk_noncrumbling_2,
          uniq_natasha
D:4:      layout_basic, good_gods_temple_1, amcnicky_altar_gilded

Skill      XL: |  1  2  3  4 |
---------------+-------------+-----
Conjurations   | 2 |  2.4
Spellcasting   | 5 |  5.2
Invocations    | 1 |  1.8
Fighting       | 1 |  1.6
Short Blades   | 1 |  1.6
Long Blades    | 1 |  1.6
Axes           | 1 |  1.6
Maces & Flails | 1 |  1.6
Polearms       | 1 |  1.6
Staves         | 1 |  1.6
Slings         | 1 |  1.6
Bows           | 1 |  1.6
Crossbows      | 1 |  1.6
Throwing       | 1 |  1.6
Armour         | 1 |  1.6
Shields        | 1 |  1.6
Unarmed Combat | 1 |  1.6
Evocations     | 1 |  1.6
Hexes          | 1 |  1.3
Summonings     | 1 |  1.3
Necromancy     | 1 |  1.3
Translocations | 1 |  1.3
Transmutations | 1 |  1.3
Ice Magic      | 1 |  1.3
Air Magic      | 1 |  1.3
Earth Magic    | 1 |  1.3
Poison Magic   | 1 |  1.3
Dodging        | |  4.8
Stealth        | |  4.4
Fire Magic     | |  5.6

Action                   |  1- 3 |  4- 6 || total
-------------------------+-------+-------++-------
Melee: Unarmed           |     8 |       ||     8
       Bite              |     2 |    24 ||    26
       Short sword       |     2 |    96 ||    98
       War axe           |       |    16 ||    16
       Punch             |       |     1 ||     1
 Cast: Foxfire           |    37 |    19 ||    56
       Scorch            |    15 |    16 ||    31
       Flame Wave        |       |     1 ||     1
  Use: Scroll            |       |     4 ||     4
       Potion            |       |     1 ||     1
 Stab: Sleeping          |       |     2 ||     2
Armor: Robe              |     4 |     2 ||     6
Dodge: Dodged            |    18 |    21 ||    39
